 Dungeon Crawl Stone Soup version 0.28-a0-194-g42b4daccc1 (webtiles) character file.

Game seed: 4478667093118917455

60 Arne the Gusty (level 4, -3/24 HPs)
             Began as a Tengu Air Elementalist on Aug 18, 2021.
             Slain by a gnoll (8 damage)
             ... on level 2 of the Dungeon.
             The game lasted 00:16:16 (1189 turns).

Arne the Gusty (Tengu Air Elementalist)             Turns: 1189, Time: 00:16:17

Health: -3/24      AC:  2    Str:  9    XL:     4   Next: 6%
Magic:  0/8        EV: 12    Int: 16    God:
Gold:   71         SH:  0    Dex: 14    Spells: 6/7 levels left

rFire   . . .      SeeInvis .   j - +2 short sword (venom)
rCold   . . .      Faith    .   (no shield)
rNeg    . . .      Spirit   .   a - +0 robe
rPois   .          Reflect  .   (helmet restricted)
rElec   .          Harm     .   (no cloak)
rCorr   .          Rampage  .   (no gloves)
Will    .....                   (boots unavailable)
Stlth   ++........              (no amulet)
HPRegen 0.08/turn               (no ring)
MPRegen 0.11/turn               (no ring)

@: no status effects
A: beak, talons 3
a: no special abilities


You were on level 2 of the Dungeon.
You visited 1 branch of the dungeon, and saw 2 of its levels.

You collected 71 gold pieces.

Inventory:

Hand Weapons
 b - a +0 dagger
 j - a +2 short sword of venom (weapon)
Missiles
 g - 2 throwing nets
Armour
 a - a +0 robe (worn)
Wands
 i - a wand of polymorph (10)
Scrolls
 f - a scroll of summoning {unknown}
 h - a scroll of enchant weapon {unknown}
Potions
 c - a potion of mutation {unknown}
 d - a potion of attraction {unknown}
 e - 3 potions of flight {unknown}


   Skills:
 * Level 0.9 Fighting
 * Level 1.2 Short Blades
 * Level 2.7 Dodging
 + Level 2.3 Stealth
 + Level 2.3 Spellcasting
 * Level 2.1 Conjurations
 + Level 4.5 Air Magic


You had 6 spell levels left.
You knew the following spells:

 Your Spells              Type           Power      Damage    Failure   Level
a - Shock                 Conj/Air       48%        1d6       4%          1

Your spell library contained the following spells:

 Spells                   Type           Power      Damage    Failure   Level
 Static Discharge         Conj/Air       12%        N/A       8%          2
 Swiftness                Air            16%        N/A       10%         3
 Airstrike                Air            8%         N/A       30%         4


Dungeon Overview and Level Annotations

Branches:
Dungeon (2/15)

Altars:


Innate Abilities, Weirdness & Mutations

You have a beak for a mouth.
You have claws for feet.


Message History

Casting: Shock (safe; 5% risk of failure)
Confirm with . or Enter, or press ? or * to list all spells.
Aiming: Shock (safe; 5% risk of failure)
Press: ? - help, Shift-Dir - straight line, f/p - gnoll
Aim: a gnoll, wielding a +0 halberd (almost dead, 72% to hit)
The zap hits the gnoll.
The gnoll is moderately wounded.
The zap hits the gnoll.
You kill the gnoll!
The gnoll hits you with a +0 club.
You have reached level 4!
You feel stronger.
Casting: Shock (safe; 4% risk of failure)
Confirm with . or Enter, or press ? or * to list all spells.
Aiming: Shock (safe; 4% risk of failure)
Press: ? - help, Shift-Dir - straight line, f - gnoll
Aim: a gnoll, wielding a +0 club (moderately wounded, 72% to hit)
The zap hits the gnoll but does no damage.
The gnoll is moderately wounded.
The gnoll hits you with a +0 club.
* * * LOW HITPOINT WARNING * * *
Casting: Shock (safe; 4% risk of failure)
Confirm with . or Enter, or press ? or * to list all spells.
Aiming: Shock (safe; 4% risk of failure)
Press: ? - help, Shift-Dir - straight line, f/p - gnoll
Aim: a gnoll, wielding a +0 club (moderately wounded, 72% to hit)
The zap hits the gnoll but does no damage.
The gnoll is moderately wounded.
The gnoll barely misses you.
Unknown command.
Casting: Shock (safe; 4% risk of failure)
Confirm with . or Enter, or press ? or * to list all spells.
You don't have enough magic to cast this spell.
You struggle against the net.
The gnoll hits you with a +0 club.
* * * LOW HITPOINT WARNING * * *
You shred the net and break free! The gnoll closely misses you.
You hit the gnoll.
The gnoll is moderately wounded.
The gnoll hits you with a +0 club!
You die...

#.#.##.##'###'##
#.#.##.##.# #.## . #.
#.#..#.##.# #..#
......###.##.#.##.###..#
..................##.<..
......###.##.####.##....
..... #.##..# #.##....
......###.###.# #.......
.....)g@..# #.###.....##
#.....##### #..##.....#
..... ##.##.....# .$..
#..#.....# ...
##.#.....# .. #...#####
. ##..# #..# #..######


You could see a gnoll.

Vanquished Creatures
  2 gnolls (D:2)
  2 dart slugs
  3 ball pythons (D:1)
  3 bats
  2 endoplasms
  3 giant cockroaches (D:2)
  5 goblins
  A hobgoblin (D:2)
  3 jackals (D:2)
  2 kobolds
  A quokka (D:1)
  7 rats
34 creatures vanquished.

Vanquished Creatures (others)
  A demonic plant (D:1)
  A fungus (D:1)
  3 plants (D:1)
5 creatures vanquished.

Grand Total: 39 creatures vanquished

Notes
Turn   | Place    | Note
-------+----------+-------------------------------------------
     0 | D:1      | Arne the Tengu Air Elementalist began the quest for the
                  | Orb.
     0 | D:1      | Reached XP level 1. HP: 10/10 MP: 4/4
   172 | D:1      | Reached XP level 2. HP: 10/15 MP: 3/6
   369 | D:1      | Found a faded altar of an unknown god.
   628 | D:2      | Reached XP level 3. HP: 16/20 MP: 4/7
   889 | D:2      | Reached skill level 1 in Short Blades
  1185 | D:2      | Reached XP level 4. HP: 10/24 MP: 1/8
  1189 | D:2      | Slain by a gnoll

Illustrated notes

Levels and vault maps discovered:
D:1:      pf_arrival_petrified_forest, layout_rooms,
          shapermc_ecumenical_altar_gd, minmay_misc_feat_tiny
D:2:      layout_basic

Skill      XL: |  1  2  3 |
---------------+----------+-----
Short Blades   | 1 |  1.2
Conjurations   | 2 |  2.1
Fighting       | |  0.9
Dodging        | |  2.7
Stealth        | |  2.3
Spellcasting   | |  2.3
Air Magic      | |  4.5

Action                   |  1- 3 |  4- 6 || total
-------------------------+-------+-------++-------
Melee: Dagger            |    58 |       ||    58
       Kick              |    14 |       ||    14
       Peck              |    10 |       ||    10
       Unarmed           |     2 |       ||     2
       Short sword       |       |     1 ||     1
 Cast: Shock             |    40 |     2 ||    42
 Stab: Sleeping          |     3 |       ||     3
Armor: Robe              |    11 |       ||    11
Dodge: Dodged            |    32 |     2 ||    34

Table legend: (Time is in decaauts)
 A = Elapsed time spent in this place.
 B = Non-inter-level travel time spent in this place.
 C = Inter-level travel time spent in this place.
 D = Time resting spent in this place.
 E = Time spent auto-exploring this place.
 F = Levels seen in this place.
 G = Mean time per level.
                   A        B        C        D        E       F      G
               +--------+--------+--------+--------+--------+-----+--------+
         Total |   1186 |   1186 |      0 |      0 |    358 |   2 |  593.0 |
       Dungeon |   1186 |   1186 |      0 |      0 |    358 |   2 |  593.0 |
               +--------+--------+--------+--------+--------+-----+--------+

Top non-repeatable levels by time:
     D:1: 622 daAuts
     D:2: 564 daAuts
